 Dungeon Sprint DCSS version 0.30-a0-691-g754fce4c43 (webtiles) character file.

Game seed: 1932229577222805654

16818 BigDaddyOpFi the End of an Era (level 12, -15/122 HPs)
             Began as a Hill Orc Monk on Jan 19, 2023.
             Was the Champion of Qazlal.
             Demolished by an azure jelly (44 damage)
             ... in the Dungeon (Sprint V: "Ziggurat Sprint").
             The game lasted 00:04:53 (2558 turns).

BigDaddyOpFi the End of an Era (Hill Orc Monk)      Turns: 2558, Time: 00:04:54

Health: -15/122    AC: 19    Str: 25    XL:     12   Next: 41%
Magic:  24/24      EV:  6    Int: 10    God:    Qazlal [******]
Gold:   0          SH:  0    Dex: 17    Spells: 11/11 levels left

rFire   . . .      SeeInvis .    E - +6 shillelagh "Devastator" {shatter}
rCold   . . .      Faith    .    k - +3 tower shield
rNeg    . . .      Spirit   .    j - +5 crystal plate armour
rPois   .          Reflect  .    (no helmet)
rElec   .          Harm     +    N - scarf {harm}
rCorr   .          Rampage  .    (no gloves)
Will    +....      NoTele   +    (no boots) Stlth
                                 (no amulet)
HPRegen 0.40/turn                H - ring "Pyonou" {Will+ Str+6 Dex+4}
MPRegen 0.19/turn                M - +4 ring of slaying

@: confused, studying Short Blades, repel missiles
A: no striking features
a: Renounce Religion, Upheaval, Elemental Force, Disaster Area


You were in the Dungeon.
You worshipped Qazlal.
Qazlal was exalted by your worship.
You visited 1 branch

Inventory:

Hand Weapons
 a - a +0 short sword of venom
 E - the +6 shillelagh "Devastator" (weapon) {shatter}
   (You found it in the Dungeon)
Armour
 b - a +0 robe
 j - a +5 crystal plate armour (worn)
 k - a +3 tower shield (worn)
 N - a scarf of harm (worn)
Jewellery
 w - a ring of flight
 x - a +6 ring of dexterity
 y - a +6 ring of dexterity
 z - a +6 ring of intelligence
 A - a +6 ring of intelligence
 B - a +6 ring of strength
 C - a +6 ring of strength
 G - a +6 ring of strength
 H - the ring "Pyonou" (left hand) {Will+ Str+6 Dex+4}
   (You found it in the Dungeon)

   [ring of strength]

   Str:       It affects your strength (+6).
   Dex:       It affects your dexterity (+4).
   Will:      It increases your willpower.
 J - the ring "Ajerred" {Wiz Dex+2}
   (You found it in the Dungeon)

   [ring of wizardry]

   It improves your spell success rate.
   Dex:       It affects your dexterity (+2).
 K - a +4 ring of protection
 L - a ring of poison resistance
 M - a +4 ring of slaying (right hand)
Wands
 u - a wand of mindburst (7)
 v - a wand of light (7)
Scrolls
 i - 4 scrolls of blinking
 l - 4 scrolls of amnesia
 m - 7 scrolls of fog
 n - 5 scrolls of identify
 o - 2 scrolls of fear
Potions
 c - a potion of ambrosia
 d - 9 potions of curing
 e - 8 potions of heal wounds
 f - 6 potions of haste
 g - 6 potions of magic
 h - 2 potions of berserk rage
 p - 2 potions of brilliance
 q - 2 potions of invisibility
 r - 4 potions of resistance
 t - 5 potions of might
Miscellaneous
 s - a phial of floods
 D - a lightning rod (4/4)
 F - a phantom mirror
 I - a piece from Xom's chessboard (15/15)


   Skills:
 + Level 15.9 Fighting
 - Level 3.0 Short Blades
 + Level 14.4 Maces & Flails
 + Level 11.4 Dodging
 + Level 12.3 Stealth
 + Level 13.8 Shields
 + Level 16.4 Invocations


You had 11 spell levels left.
You didn't know any spells.
Your spell library contained the following spells:

 Spells                   Type           Power      Damage    Failure   Level
 Sandblast                Erth           0%         2d4       100%        1
 Slow                     Hex            0%         N/A       100%        1
 Blink                    Tloc           0%         N/A       100%        2
 Lesser Beckoning         Tloc           0%         N/A       100%        2
 Momentum Strike          Conj/Tloc      0%         3d8       100%        2
 Confusing Touch          Hex            0%         N/A       100%        3
 Gell's Gravitas          Tloc           0%         N/A       100%        3
 Hailstorm                Conj/Ice       0%         3d3       100%        3
 Inner Flame              Hex/Fire       0%         N/A       100%        3
 Vampiric Draining        Necr           0%         2d6       100%        3
 Cause Fear               Hex            0%         N/A       100%        4
 Borgnjor's Vile Clutch   Necr/Erth      0%         N/A       100%        5
 Fireball                 Conj/Fire      0%         3d3       100%        5
 Iskenderun's Battlesphe  Conj           0%         2d6       100%        5
 Summon Forest            Summ/Tloc      0%         N/A       100%        5
 Summon Mana Viper        Hex/Summ       0%         N/A       100%        5
 Conjure Ball Lightning   Conj/Air       0%         3x3d6     100%        6
 Dispersal                Tloc           0%         N/A       100%        6
 Iron Shot                Conj/Erth      0%         9d1       100%        6
 Summon Cactus Giant      Summ           0%         N/A       100%        6
 Discord                  Hex            0%         N/A       100%        8
 Chain Lightning          Conj/Air       0%         N/A       100%        9
 Fire Storm               Conj/Fire      0%         5d1       100%        9
 Shatter                  Erth           0%         3d5*      100%        9


Dungeon Overview and Level Annotations

Branches:
Dungeon (1/1)

Altars:
Ashenzari
Cheibriados
Dithmenos
Elyvilon
Fedhas
Gozag
Hepliaklqana
Kikubaaqudgha
Makhleb
Nemelex Xobeh
Okawaru
Qazlal
Ru
Sif Muna
Trog
Uskayaw
Vehumet
Wu Jian
Xom
Yredelemnul
Zin
The Shining One
Beogh
Jiyva
Lugonu

Annotations:
D 1 transporter


Message History

The rockslime attacks as you move away! The rockslime closely misses you.
The golden eye blinks at you.
You are more confused.
The jelly is engulfed in freezing vapours.
You kill the jelly!
Qazlal accepts your kill. Qazlal accepts your kill.
You feel a bit more experienced.
Two slime creatures merge to form a large slime creature.
Okay, then.
Magic courses through your body.
Okay, then.
You bump into the unnaturally hard rock wall.
The rockslime is engulfed in freezing vapours.
The rockslime completely misses you.
Two slime creatures merge to form a very large slime creature.
Okay, then.
Found a transporter.
The rockslime is engulfed in freezing vapours.
The rockslime attacks as you move away! The rockslime hits you!
The rockslime hits you.
You hold your ground!
You hit the rockslime but do no damage.
The rockslime is moderately wounded.
The rockslime hits you.
You hold your ground!
The azure jelly jiggles.
The azure jelly hits you. The azure jelly freezes you!!
The azure jelly hits you but does no damage.
The azure jelly barely misses you. The azure jelly closely misses you.
You are too confused!
You are too confused!
You feel much better. The rockslime hits you!!!
* * * LOW HITPOINT WARNING * * *
You hold your ground!
The very large slime creature barely misses you.
Two slime creatures merge to form an enormous slime creature.
The azure jelly hits you but does no damage.
The azure jelly hits you.
* * * LOW HITPOINT WARNING * * *
The azure jelly freezes you!!!
You die...

▓▓▓▓▓▓▓▓▓▓........▓......
..8©8....▓..††....▓......
▓..!)=)[[)..▓..†.....▓.▓.†..
▓...!)=:})..▓...©....▓...©..
▓...........▓▓▓▓▓▓▓▓▓▓▓▓▓▓▓▓
▓...........▓...8©8...▓..8©8
▓........○.°▓..|)(....▓..[|=
........JJ°▓...).}...▓..)=|
▓.....▓J@▓.........▓.....
▓▓..J▓▓▓J▓.........▓.....
▓..▓.....▓.J▓.........▓.....
▓.....©J....▓.........▓...).
▓▓▓▓▓▓▓▓▓▓▓▓▓.▓..†..▓.▓.▓...
▓....8©8....▓....©....▓...©.
▓..}.)|[))..▓▓▓▓▓▓▓▓▓▓▓▓▓▓▓▓
▓...|.|})...▓...8©8...▓..8©8
▓.....†.†...▓..)...}).▓.....


You could see an azure jelly, an enormous slime creature, a rockslime, a
quicksilver ooze and an endoplasm.

Vanquished Creatures
  A lich (D)
  A ghoul (D)
  8 vault guards (D)
  A soul eater (D)
  2 deep elf pyromancers (D)
  2 deep elf zephyrmancers (D)
  A cyclops (D)
  A black mamba (D)
  A cane toad (D)
  2 rime drakes (D)
  2 guardian mummies (D)
  A yaktaur (D)
  A komodo dragon (D)
  A merfolk (D)
  4 wind drakes (D)
  A polar bear (D)
  2 blink frogs (D)
  A dream sheep (D)
  An air elemental (D)
  2 flying skulls (D)
  A wyvern (shapeshifter) (D)
  2 yaks (D)
  An ushabti (D)
  A basilisk (D)
  A human (shapeshifter) (D)
  A steam dragon (shapeshifter) (D)
  A steam dragon (D)
  A golden eye (D)
  A hell hound (D)
  4 water moccasins (D)
  A water moccasin (shapeshifter) (D)
  2 swamp drakes (D)
  A black bear (shapeshifter) (D)
  A wolf (D)
  A centaur (D)
  3 bullfrogs (D)
  A necrophage (D)
  An earth elemental (D)
  A scorpion (shapeshifter) (D)
  A wight (D)
  A crimson imp (D)
  A quasit (D)
  A jelly (D)
  An iguana (shapeshifter) (D)
  2 iguanas (D)
  3 mummies (D)
  A river rat (D)
  An ufetubus (D)
  An adder skeleton (D)
  3 bat skeletons (D)
  2 bat zombies (D)
  An endoplasm (D)
  A ball python skeleton (D)
  A ball python zombie (D)
  A giant cockroach zombie (D)
  3 quokka skeletons (D)
  A quokka zombie (D)
  2 spectral ball pythons (D)
90 creatures vanquished.

Notes
Turn   | Place    | Note
-------+----------+-------------------------------------------
     0 | D        | BigDaddyOpFi the Hill Orc Monk began the quest for the Orb.
     0 | D        | Reached XP level 1. HP: 19/19 MP: 1/1
     3 | D        | Found a blossoming altar of Fedhas.
     3 | D        | Found the +6 Majin-Bo {spellvamp, MP+6 Int+6}
     3 | D        | Found the +27 heavy crossbow "Sniper" {heavy, Acc+∞ SInv}
     3 | D        | Found the +10 dark maul {heavy}
     3 | D        | Found the +15 Maxwell's patent armour {-Cast -Tele rElec
                  | Will+ rCorr}
     3 | D        | Found the +18 shield of the Gong {Loud rElec rN+ Will+
                  | EV-5}
     3 | D        | Found the +16 obsidian axe {drain, demonic, Mesm Drain Fly
                  | SInv}
     3 | D        | Found the +7 great mace "Firestarter" {flame, inner flame,
                  | rFlCloud rF++}
     3 | D        | Found the +6 shillelagh "Devastator" {shatter}
     3 | D        | Found the +11 plutonium sword {Contam Stlth-}
     3 | D        | Found the +8 lance "Wyrmbane" {slay drac, rPois rF+ rC+
                  | AC+3}
     3 | D        | Found the +9 sword of Zonguldrok {reap}
     3 | D        | Found the +13 scythe of Curses {drain, curses, Drain}
     3 | D        | Found the +9 sword of Power {lifebolt}
     3 | D        | Found the +7 mace of Variability {chaos, chain chaos}
     3 | D        | Found the +11 Singing Sword {sonic wave}
     3 | D        | Found the +8 storm bow {elec, penet}
     7 | D        | Found a transporter.
     7 | D        | Found a viscous altar of Jiyva.
     7 | D        | Found an ancient bone altar of Kikubaaqudgha.
     7 | D        | Found a hazy altar of Hepliaklqana.
     7 | D        | Found a corrupted altar of Lugonu.
     7 | D        | Found an opulent altar of Gozag.
     7 | D        | Found a burning altar of Makhleb.
     8 | D        | Found a sacrificial altar of Ru.
     8 | D        | Found a shimmering blue altar of Sif Muna.
     8 | D        | Found a stormy altar of Qazlal.
     8 | D        | Found a bloodstained altar of Trog.
     8 | D        | Found an iron altar of Okawaru.
     8 | D        | Found a sparkling altar of Nemelex Xobeh.
    58 | D        | Became a worshipper of Qazlal Stormbringer
    58 | D        | Reached * piety under Qazlal
    58 | D        | Reached ** piety under Qazlal
    59 | D        | Reached skill level 5 in Fighting
    59 | D        | Reached XP level 2. HP: 30/30 MP: 2/2
    72 | D        | Entered arena 2.
    72 | D        | Noticed a bullfrog
    72 | D        | Found a transporter.
    74 | D        | Reached skill level 1 in Shields
    74 | D        | Reached skill level 1 in Invocations
    74 | D        | Reached XP level 3. HP: 37/37 MP: 2/4
    75 | D        | Killed a bullfrog
    76 | D        | Reached skill level 3 in Invocations
    76 | D        | Reached XP level 4. HP: 45/45 MP: 2/6
   301 | D        | Entered arena 3.
   301 | D        | Noticed a hornet
   301 | D        | Noticed a wyvern
   301 | D        | Noticed a water moccasin
   301 | D        | Found a transporter.
   303 | D        | a hornet changed into a scorpion
   303 | D        | Noticed a scorpion (shapeshifter)
   304 | D        | Killed a scorpion
   305 | D        | Reached skill level 5 in Maces & Flails
   305 | D        | Reached skill level 5 in Dodging
   305 | D        | Reached skill level 4 in Invocations
   305 | D        | Reached XP level 5. HP: 52/52 MP: 6/8
   305 | D        | Killed a water moccasin
   305 | D        | Reached *** piety under Qazlal
   306 | D        | Reached skill level 5 in Stealth
   306 | D        | Reached skill level 5 in Invocations
   306 | D        | Reached XP level 6. HP: 61/61 MP: 6/10
   306 | D        | Killed a wyvern
   307 | D        | Reached skill level 5 in Shields
   307 | D        | Reached skill level 6 in Invocations
   428 | D        | Entered arena 4.
   428 | D        | Noticed a swamp drake
   428 | D        | Noticed a steam dragon
   428 | D        | Noticed a rime drake
   428 | D        | Noticed a swamp drake
   428 | D        | Found a transporter.
   434 | D        | Killed a swamp drake
   435 | D        | Reached skill level 7 in Invocations
   435 | D        | Reached XP level 7. HP: 55/69 MP: 12/12
   444 | D        | Killed a rime drake
   444 | D        | Reached **** piety under Qazlal
   445 | D        | Reached skill level 8 in Invocations
   445 | D        | Killed a steam dragon
   446 | D        | Reached XP level 8. HP: 55/78 MP: 12/14
   616 | D        | Entered arena 5.
   616 | D        | Found a transporter.
   625 | D        | Reached ***** piety under Qazlal
   626 | D        | Reached skill level 10 in Fighting
   626 | D        | Reached skill level 9 in Invocations
   771 | D        | Entered arena 6.
   771 | D        | Found a transporter.
   990 | D        | Entered arena 7.
   991 | D        | Found a transporter.
   995 | D        | Reached ****** piety under Qazlal
  1064 | D        | Entered arena 8.
  1064 | D        | Noticed a deep elf pyromancer
  1064 | D        | Noticed a deep elf zephyrmancer
  1064 | D        | Noticed an air elemental
  1064 | D        | Noticed a deep elf pyromancer
  1064 | D        | Noticed a deep elf zephyrmancer
  1065 | D        | Found a transporter.
  1066 | D        | Paralysed by an air elemental for 1 turns
  1066 | D        | Killed an air elemental
  1067 | D        | Reached skill level 10 in Invocations
  1067 | D        | Reached XP level 9. HP: 86/86 MP: 16/16
  1067 | D        | Killed a deep elf pyromancer
  1071 | D        | Killed a deep elf pyromancer
  1071 | D        | Killed a deep elf zephyrmancer
  1072 | D        | Reached skill level 10 in Maces & Flails
  1072 | D        | Reached skill level 11 in Invocations
  1074 | D        | Killed a deep elf zephyrmancer
  1075 | D        | Reached XP level 10. HP: 52/97 MP: 1/18
  1294 | D        | Got the ring "Pyonou" {Will+ Str+6 Dex+4}
  1404 | D        | Entered arena 9.
  1404 | D        | Noticed a cyclops
  1405 | D        | Killed a cyclops
  1406 | D        | Reached skill level 10 in Shields
  1406 | D        | Reached skill level 12 in Invocations
  1406 | D        | Found a transporter.
  1597 | D        | Entered arena 10.
  1597 | D        | Noticed a cane toad
  1598 | D        | Killed a cane toad
  1599 | D        | Reached skill level 10 in Stealth
  1599 | D        | Reached skill level 13 in Invocations
  1599 | D        | Found a transporter.
  1795 | D        | Got the ring "Ajerred" {Wiz Dex+2}
  1800 | D        | Entered arena 11.
  1803 | D        | Reached XP level 11. HP: 93/107 MP: 3/21
  1803 | D        | Found a transporter.
  1811 | D        | Got the Compendium of Lethal Correspondence
  1948 | D        | Entered arena 12.
  1948 | D        | Noticed a vault guard
  1948 | D        | Noticed a vault guard
  1948 | D        | Noticed a vault guard
  1948 | D        | Noticed a vault guard
  1948 | D        | Noticed a vault guard
  1948 | D        | Noticed a vault guard
  1948 | D        | Noticed a vault guard
  1948 | D        | Noticed a lich
  1949 | D        | Killed a vault guard
  1949 | D        | Killed a vault guard
  1949 | D        | Killed a vault guard
  1949 | D        | Noticed a vault guard
  1950 | D        | Reached skill level 10 in Dodging
  1950 | D        | Reached skill level 14 in Invocations
  1950 | D        | Killed a vault guard
  1950 | D        | Killed a vault guard
  1953 | D        | Found a transporter.
  1954 | D        | Killed a vault guard
  1954 | D        | Killed a vault guard
  1955 | D        | Reached skill level 15 in Invocations
  1961 | D        | Killed a lich
  1962 | D        | Reached skill level 15 in Fighting
  1962 | D        | Killed a vault guard
  1963 | D        | Reached XP level 12. HP: 111/121 MP: 7/23
  2090 | D        | Entered arena 13.
  2090 | D        | Noticed a ghoul
  2090 | D        | Noticed a soul eater
  2093 | D        | Killed a soul eater
  2093 | D        | Killed a ghoul
  2179 | D        | Found a transporter.
  2249 | D        | Got the Vellum of Hurting
  2353 | D        | Entered arena 14.
  2355 | D        | Reached skill level 16 in Invocations
  2360 | D        | Found the +8 frozen axe "Frostbite" {freeze, freezing
                  | cloud, *Noise Fly rC+}
  2366 | D        | Found a transporter.
  2528 | D        | Got Tagoogitz's Discursus on Tephra
  2540 | D        | Entered arena 15.
  2540 | D        | Noticed a quicksilver ooze
  2540 | D        | Noticed a rockslime
  2541 | D        | Noticed a great orb of eyes
  2541 | D        | Noticed an azure jelly
  2554 | D        | Found a transporter.
  2558 | D        | Demolished by an azure jelly

Illustrated notes

Levels and vault maps discovered:
D:        sprint_v [room_start, room_1, room_2, room_3, room_4, room_5, room_6,
          room_7, room_8, room_9, room_10, room_11, room_12, room_13, room_14,
          room_15, room_16, room_17, room_18, room_19, room_20, room_21,
          room_22, room_23, room_24, room_25, room_26, room_27]

Skill      XL: |  1  2  3  4  5  6  7  8  9 10 11 12 |
---------------+-------------------------------------+-----
Fighting       | 5 6 7 8 9 10 12 13 15 | 15.9
Maces & Flails | 3 4 5 6 7 8 9 10 12 13 14 | 14.4
Dodging        | 3 4 5 6 7 8 9 10 11 | 11.4
Stealth        | 3 4 5 6 7 9 10 11 12 | 12.3
Shields        | 1 2 3 4 5 6 8 9 11 13 | 13.8
Invocations    | 1 3 4 5 7 8 10 11 13 15 16 | 16.4
Short Blades   | |  3.0

Action                   |  1- 3 |  4- 6 |  7- 9 | 10-12 || total
-------------------------+-------+-------+-------+-------++-------
Melee: Shillelagh        |     3 |     7 |    32 |    17 ||    59
Invok: Disaster Area     |       |       |     2 |    11 ||    13
       Upheaval          |       |       |       |     2 ||     2
  Use: Potion            |     1 |       |     1 |     4 ||     6
       Scroll            |       |       |       |     2 ||     2
Armor: Crystal plate arm |     1 |     6 |    22 |    14 ||    43
Dodge: Dodged            |       |       |     3 |     5 ||     8
Block: Tower shield      |     3 |     8 |    47 |    14 ||    72

Table legend: (Time is in decaauts)
 A = Elapsed time spent in this place.
 B = Non-inter-level travel time spent in this place.
 C = Inter-level travel time spent in this place.
 D = Time resting spent in this place.
 E = Time spent auto-exploring this place.
 F = Levels seen in this place.
 G = Mean time per level.
                   A        B        C        D        E       F      G
               +--------+--------+--------+--------+--------+-----+--------+
         Total |   2570 |   2570 |      0 |   2205 |      0 |   1 | 2570.0 |
       Dungeon |   2570 |   2570 |      0 |   2205 |      0 |   1 | 2570.0 |
               +--------+--------+--------+--------+--------+-----+--------+

Top non-repeatable levels by time:
       D: 2570 daAuts
